PL
NORTHERN VIRGINIA RAINBOW MERMAIDS @ VANCOUVER GREY WOLVES
10/22/2031
 
TOP OF THE 1ST
Northern Virginia Rainbow Mermaids batting - Pitching for Vancouver Grey Wolves : RHP John Dempsey
Pitching: RHP John Dempsey
Batting: LHB Scott Kerin 0-0: Ball
1-0: SINGLE (Line Drive, 89S)
Batting: SHB Eustacio Tafalla 0-0: Called Strike
0-1: Ball
1-1: Ball
2-1: Ball
3-1: Foul Ball, location: 2F
3-2: Foul Ball, location: 2F
3-2: Fly out, F6 (Popup, 6M)
Batting: LHB Kyoji Hakoda 0-0: Called Strike
0-1: Ball
1-1: Ball
2-1: Ball
3-1: Called Strike
3-2: Foul Ball, location: 2F
3-2: Grounds into double play, U6-3 (Groundball, 4)
Top of the 1st over - 0 runs, 1 hit, 0 errors, 0 left on base; Northern Virginia 0 - Vancouver 0
BOTTOM OF THE 1ST
Vancouver Grey Wolves batting - Pitching for Northern Virginia Rainbow Mermaids : LHP Raúl Gómez
Pitching: LHP Raúl Gómez
Batting: RHB Urs van Munster 0-0: SINGLE (Line Drive, 3)
Batting: RHB Iván Vega 0-0: Ball
1-0: Called Strike
1-1: Fly out, F8 (Flyball, 8LM)
Batting: RHB Hugh Mungus 0-0: Ball
1-0: Ball
2-0: Ground out 5-3 (Groundball, 56S)
Urs van Munster to second
Batting: RHB Arlen Joysey 0-0: Ball
1-0: Called Strike
1-1: Ground out 6-3 (Groundball, 6)
Bottom of the 1st over - 0 runs, 1 hit, 0 errors, 1 left on base; Northern Virginia 0 - Vancouver 0
TOP OF THE 2ND
Northern Virginia Rainbow Mermaids batting - Pitching for Vancouver Grey Wolves : RHP John Dempsey
Batting: SHB Melito Báez 0-0: Swinging Strike
0-1: Foul Ball, location: 2F
0-2: Strikes out swinging
Batting: LHB Count Dante 0-0: SOLO HOME RUN (Line Drive, 9D), Distance : 353 ft
Batting: RHB Mike Strickland 0-0: Ball
1-0: Ball
2-0: Called Strike
2-1: Foul Ball, location: 2F
2-2: Ground out 5-3 (Groundball, 56S)
Batting: LHB José Ruíz 0-0: Ball
1-0: Swinging Strike
1-1: Called Strike
1-2: Foul Ball, location: 2F
1-2: Foul Ball, location: 2F
1-2: Foul Ball, location: 2F
1-2: Ball
2-2: Foul Ball, location: 2F
2-2: Foul Ball, location: 2F
2-2: Ball
3-2: Strikes out swinging
Top of the 2nd over - 1 run, 1 hit, 0 errors, 0 left on base; Northern Virginia 1 - Vancouver 0
BOTTOM OF THE 2ND
Vancouver Grey Wolves batting - Pitching for Northern Virginia Rainbow Mermaids : LHP Raúl Gómez
Batting: RHB David Edwards 0-0: Ball
1-0: Ball
2-0: SINGLE (Flyball, 89M)
Batting: LHB Michael Malloy 0-0: Foul Ball, location: 2F
0-1: Ball
1-1: Ball
2-1: Ball
3-1: Base on Balls
David Edwards to second
Batting: RHB Wilson Vega 0-0: Ball
1-0: Called Strike
1-1: Swinging Strike
1-2: Strikes out swinging
Batting: LHB Preston Witt 0-0: Called Strike
0-1: Foul Ball, location: 2F
0-2: Ground out 5-3 (Groundball, 56S)
David Edwards to third
Michael Malloy to second
Batting: SHB Terumoto Kurihara 0-0: Ball
1-0: 3-RUN HOME RUN (Flyball, 78XD), Distance : 389 ft
Batting: RHB Urs van Munster 0-0: Ball
1-0: Ball
2-0: Called Strike
2-1: Foul Ball, location: 2F
2-2: Ball
3-2: Base on Balls
Batting: RHB Iván Vega 0-0: Ball
Urs van Munster steals 2nd base
1-0: Ball
2-0: Called Strike
2-1: Foul Ball, location: 2F
2-2: Foul Ball, location: 2F
2-2: Ball
3-2: SINGLE (Flyball, 78M)
Urs van Munster to third
Urs van Munster scores
Batting: RHB Hugh Mungus 0-0: Ball
1-0: Fly out, F3 (Popup, 23F)
Bottom of the 2nd over - 4 runs, 3 hits, 0 errors, 1 left on base; Northern Virginia 1 - Vancouver 4
TOP OF THE 3RD
Northern Virginia Rainbow Mermaids batting - Pitching for Vancouver Grey Wolves : RHP John Dempsey
Batting: SHB Galtero Suárez 0-0: Called Strike
0-1: Ball
1-1: Fly out, F9 (Flyball, 9S)
Batting: RHB Zahid Kashani 0-0: Ball
1-0: Called Strike
1-1: Swinging Strike
1-2: SOLO HOME RUN (Flyball, 89D), Distance : 358 ft
Batting: LHB Scott Kerin 0-0: Ball
1-0: Called Strike
1-1: Fly out, F4 (Popup, 4)
Batting: SHB Eustacio Tafalla 0-0: Foul Ball, location: 2F
0-1: Foul Ball, location: 2F
0-2: Ball
1-2: Strikes out swinging
Top of the 3rd over - 1 run, 1 hit, 0 errors, 0 left on base; Northern Virginia 2 - Vancouver 4
BOTTOM OF THE 3RD
Vancouver Grey Wolves batting - Pitching for Northern Virginia Rainbow Mermaids : LHP Raúl Gómez
Batting: RHB Arlen Joysey 0-0: Ball
1-0: Called Strike
1-1: Swinging Strike
1-2: Ground out 5-3 (Groundball, 5L)
Batting: RHB David Edwards 0-0: Called Strike
0-1: Foul Ball, location: 2F
0-2: Ball
1-2: Ball
2-2: Foul Ball, location: 2F
2-2: Ground out 6-3 (Groundball, 6S)
Batting: LHB Michael Malloy 0-0: Ball
1-0: Ball
2-0: Foul Ball, location: 2F
2-1: Foul Ball, location: 2F
2-2: Foul Ball, location: 2F
2-2: Ball
3-2: SINGLE (Line Drive, 89S)
Batting: RHB Wilson Vega 0-0: Ball
1-0: Foul Ball, location: 2F
1-1: Foul Ball, location: 2F
1-2: Strikes out looking
Bottom of the 3rd over - 0 runs, 1 hit, 0 errors, 1 left on base; Northern Virginia 2 - Vancouver 4
TOP OF THE 4TH
Northern Virginia Rainbow Mermaids batting - Pitching for Vancouver Grey Wolves : RHP John Dempsey
Batting: LHB Kyoji Hakoda 0-0: Foul Ball, location: 2F
0-1: Swinging Strike
0-2: Ball
1-2: Strikes out looking
Batting: SHB Melito Báez 0-0: Ball
1-0: Ball
2-0: Called Strike
2-1: Foul Ball, location: 2F
2-2: Strikes out swinging
Batting: LHB Count Dante 0-0: Called Strike
0-1: Ball
1-1: Called Strike
1-2: Ball
2-2: Foul Ball, location: 2F
2-2: Ball
3-2: Fly out, F8 (Flyball, 8LS)
Top of the 4th over - 0 runs, 0 hits, 0 errors, 0 left on base; Northern Virginia 2 - Vancouver 4
BOTTOM OF THE 4TH
Vancouver Grey Wolves batting - Pitching for Northern Virginia Rainbow Mermaids : LHP Raúl Gómez
Batting: LHB Preston Witt 0-0: Fly out, F8 (Flyball, 8LD)
Batting: SHB Terumoto Kurihara 0-0: Ball
1-0: Called Strike
1-1: Foul Ball, location: 2F
1-2: SOLO HOME RUN (Flyball, 7D), Distance : 357 ft
Batting: RHB Urs van Munster 0-0: Foul Ball, location: 2F
0-1: Foul Ball, location: 2F
0-2: Strikes out swinging
Batting: RHB Iván Vega 0-0: Ball
1-0: Called Strike
1-1: Foul Ball, location: 2F
1-2: Foul Ball, location: 2F
1-2: Foul Ball, location: 2F
1-2: Ball
2-2: Ball
3-2: Foul Ball, location: 2F
3-2: SINGLE (Line Drive, 9S)
Pitching: RHP Christian Mustard
Batting: RHB Hugh Mungus 0-0: Called Strike
0-1: Ball
1-1: Ball
2-1: Foul Ball, location: 2F
2-2: Fielders Choice at 2nd, 6-4 (Groundball, 56)
Bottom of the 4th over - 1 run, 2 hits, 0 errors, 1 left on base; Northern Virginia 2 - Vancouver 5
TOP OF THE 5TH
Northern Virginia Rainbow Mermaids batting - Pitching for Vancouver Grey Wolves : RHP John Dempsey
Batting: RHB Mike Strickland 0-0: Called Strike
0-1: Ball
1-1: Swinging Strike
1-2: Foul Ball, location: 2F
1-2: Foul Ball, location: 2F
1-2: Ball
2-2: Ball
3-2: Base on Balls
Batting: LHB José Ruíz 0-0: Fly out, F8 (Flyball, 78XD)
Batting: SHB Galtero Suárez 0-0: Called Strike
0-1: Fly out, F7 (Flyball, 7)
Batting: RHB Zahid Kashani 0-0: Called Strike
0-1: Ball
1-1: Ball
2-1: Fly out, F9 (Flyball, 9LSF)
Top of the 5th over - 0 runs, 0 hits, 0 errors, 1 left on base; Northern Virginia 2 - Vancouver 5
BOTTOM OF THE 5TH
Vancouver Grey Wolves batting - Pitching for Northern Virginia Rainbow Mermaids : RHP Christian Mustard
Batting: RHB Arlen Joysey 0-0: Foul Ball, location: 2F
0-1: Swinging Strike
0-2: Strikes out looking
Batting: RHB David Edwards 0-0: Ball
1-0: Swinging Strike
1-1: Ball
2-1: Foul Ball, location: 2F
2-2: Strikes out swinging
Batting: LHB Michael Malloy 0-0: Called Strike
0-1: Ball
1-1: Ball
2-1: Foul Ball, location: 2F
2-2: SINGLE (Groundball, 56S) (infield hit)
Batting: RHB Wilson Vega 0-0: Called Strike
0-1: Ball
1-1: Ball
2-1: SINGLE (Flyball, 8LS)
Michael Malloy to second
Runner from 2nd tries for 3rd, SAFE, throw made to third
Batting: LHB Preston Witt 0-0: Ball
1-0: Ball
2-0: Fly out, F9 (Flyball, 89D)
Bottom of the 5th over - 0 runs, 2 hits, 0 errors, 2 left on base; Northern Virginia 2 - Vancouver 5
TOP OF THE 6TH
Northern Virginia Rainbow Mermaids batting - Pitching for Vancouver Grey Wolves : RHP John Dempsey
Batting: LHB Scott Kerin 0-0: Fly out, F8 (Flyball, 8LXD)
Batting: SHB Eustacio Tafalla 0-0: Ball
1-0: Ball
2-0: Foul Ball, location: 2F
2-1: Ball
3-1: Fly out, F9 (Line Drive, 9)
Batting: LHB Kyoji Hakoda 0-0: Ball
1-0: Ball
2-0: Ball
3-0: Called Strike
3-1: Base on Balls
Batting: SHB Melito Báez 0-0: Called Strike
0-1: Ball
1-1: Ball
2-1: Ground out U3 (Groundball, 34)
Top of the 6th over - 0 runs, 0 hits, 0 errors, 1 left on base; Northern Virginia 2 - Vancouver 5
BOTTOM OF THE 6TH
Vancouver Grey Wolves batting - Pitching for Northern Virginia Rainbow Mermaids : RHP Christian Mustard
Batting: SHB Terumoto Kurihara 0-0: Called Strike
0-1: Ball
1-1: Ball
2-1: Ball
3-1: Foul Ball, location: 2F
3-2: Base on Balls
Batting: RHB Urs van Munster 0-0: Ball
1-0: Foul Ball, location: 2F
1-1: Foul Ball, location: 2F
1-2: Ball
2-2: Ball
3-2: Fly out, F4 (Popup, 34)
Batting: RHB Iván Vega 0-0: Ball
1-0: Foul Ball, location: 2F
1-1: Foul Ball, location: 2F
1-2: Foul Ball, location: 2F
1-2: Fly out, F5 (Popup, 56S)
Batting: RHB Hugh Mungus 0-0: Ball
1-0: Called Strike
1-1: Swinging Strike
1-2: Ball
2-2: Foul Ball, location: 2F
2-2: Foul Ball, location: 2F
2-2: Strikes out swinging
Bottom of the 6th over - 0 runs, 0 hits, 0 errors, 1 left on base; Northern Virginia 2 - Vancouver 5
TOP OF THE 7TH
Northern Virginia Rainbow Mermaids batting - Pitching for Vancouver Grey Wolves : RHP John Dempsey
Batting: LHB Count Dante 0-0: Ball
1-0: Foul Ball, location: 2F
1-1: Ball
2-1: Ball
3-1: Base on Balls
Pitching: RHP Francisco Valdés
Batting: RHB Mike Strickland 0-0: Ball
1-0: Ball
2-0: Called Strike
2-1: Swinging Strike
2-2: Strikes out swinging
Batting: LHB José Ruíz 0-0: Ball
1-0: Ball
2-0: Called Strike
2-1: Called Strike
2-2: Foul Ball, location: 2F
2-2: Fly out, F5 (Popup, 5)
Batting: SHB Galtero Suárez 0-0: Called Strike
0-1: Ball
Count Dante steals 2nd base
1-1: SINGLE (Line Drive, 34D)
Count Dante to third
Runner from 3rd tries for Home, SAFE, throw made home
Batting: RHB Zahid Kashani 0-0: Ball
1-0: Ball
2-0: Ball
3-0: Called Strike
3-1: Fly out, F4 (Line Drive, 6M)
Top of the 7th over - 1 run, 1 hit, 0 errors, 1 left on base; Northern Virginia 3 - Vancouver 5
BOTTOM OF THE 7TH
Vancouver Grey Wolves batting - Pitching for Northern Virginia Rainbow Mermaids : RHP Christian Mustard
Batting: RHB Arlen Joysey 0-0: DOUBLE (Line Drive, 7LD)
Pitching: RHP Natalino Golaio
Batting: RHB David Edwards 0-0: Foul Ball, location: 2F
0-1: Ground out 5-3 (Groundball, 5S)
Arlen Joysey to third
Batting: LHB Michael Malloy 0-0: Intentional Walk
Batting: RHB Wilson Vega 0-0: Foul Ball, location: 2F
0-1: Ball
1-1: Ball
2-1: Swinging Strike
2-2: Ball
3-2: Strikes out looking
Batting: LHB Preston Witt 0-0: Ball
1-0: Swinging Strike
1-1: Foul Ball, location: 2F
1-2: Ball
2-2: Ball
3-2: Foul Ball, location: 2F
3-2: SINGLE (Line Drive, 9LM)
Arlen Joysey scores
Michael Malloy to second
Michael Malloy to third
Batting: SHB Terumoto Kurihara 0-0: Called Strike
0-1: Ball
1-1: Called Strike
1-2: Strikes out looking
Bottom of the 7th over - 1 run, 2 hits, 0 errors, 2 left on base; Northern Virginia 3 - Vancouver 6
TOP OF THE 8TH
Northern Virginia Rainbow Mermaids batting - Pitching for Vancouver Grey Wolves : RHP Francisco Valdés
Batting: LHB Scott Kerin 0-0: Foul Ball, location: 2F
0-1: Ball
1-1: Ball
2-1: Swinging Strike
2-2: Strikes out swinging
Batting: SHB Eustacio Tafalla 0-0: Called Strike
0-1: Ground out 5-3 (Groundball, 56)
Batting: LHB Kyoji Hakoda 0-0: SINGLE (Groundball, 15S) (infield hit)
Batting: SHB Melito Báez 0-0: SINGLE (Groundball, 34D)
Kyoji Hakoda to second
Runner from 2nd tries for 3rd, SAFE, throw made to third
Batting: LHB Count Dante 0-0: Ball
1-0: Called Strike
1-1: Ground out U3 (Groundball, 3)
Top of the 8th over - 0 runs, 2 hits, 0 errors, 2 left on base; Northern Virginia 3 - Vancouver 6
BOTTOM OF THE 8TH
Vancouver Grey Wolves batting - Pitching for Northern Virginia Rainbow Mermaids : RHP Natalino Golaio
Batting: RHB Urs van Munster 0-0: Fly out, F9 (Flyball, 9LS)
Batting: RHB Iván Vega 0-0: Fly out, F8 (Flyball, 89XD)
Batting: RHB Hugh Mungus 0-0: Ball
1-0: Ground out U3 (Groundball, 34)
Bottom of the 8th over - 0 runs, 0 hits, 0 errors, 0 left on base; Northern Virginia 3 - Vancouver 6
TOP OF THE 9TH
Northern Virginia Rainbow Mermaids batting - Pitching for Vancouver Grey Wolves : RHP Francisco Valdés
Batting: RHB Mike Strickland 0-0: Foul Ball, location: 2F
0-1: Swinging Strike
0-2: Strikes out swinging
Batting: LHB José Ruíz 0-0: Called Strike
0-1: Fly out, F2 (Popup, 25F)
Batting: SHB Galtero Suárez 0-0: Ball
1-0: SOLO HOME RUN (Line Drive, 8RXD), Distance : 434 ft
Batting: RHB Zahid Kashani 0-0: Called Strike
0-1: Ball
1-1: Ground out 6-3 (Groundball, 6S)
Top of the 9th over - 1 run, 1 hit, 0 errors, 0 left on base; Northern Virginia 4 - Vancouver 6
Tuesday, June 12th, 2018 - OOTP Baseball 18.8 Build 76